 Dungeon Crawl Stone Soup version 0.30-a0-652-gcc886f7154 (webtiles) character file.

Game seed: 5162655193234331875

49 timneilson the Slasher (level 3, 0/27 (28) HPs)
             Began as a Demonspawn Gladiator on Jan 17, 2023.
             Slain by Jessica
             ... wielding a +0 dagger of speed
              (3 damage)
             ... on level 2 of the Dungeon.
             The game lasted 00:01:38 (1064 turns).

timneilson the Slasher (Demonspawn Gladiator)       Turns: 1064, Time: 00:01:38

HP:   0/27 (28)     AC:  4    Str: 16    XL:     3   Next: 51%
MP:   3/3           EV: 12    Int:  9    God:
Gold: 650           SH:  0    Dex: 14    Spells: 2/2 levels left

rFire   . . .      SeeInvis .    a - +0 long sword
rCold   . . .      Faith    .    (no shield)
rNeg    . . .      Spirit   .    b - +0 leather armour
rPois   .          Reflect  .    c - +0 helmet
rElec   .          Harm     .    (no cloak)
rCorr   .          Rampage  .    (no gloves)
Will    .....                    (no boots)
Stlth   +                        (no amulet)
HPRegen 0.24/turn                (no ring)
MPRegen 0.08/turn                (no ring)

@: lightly drained
A: hooves 1
a: no special abilities


You were on level 2 of the Dungeon.
You visited 1 branch of the dungeon, and saw 2 of its levels.

You collected 650 gold pieces.

Inventory:

Hand Weapons
 a - a +0 long sword (weapon)
Missiles
 d - 3 throwing nets (quivered)
 e - a javelin
Armour
 b - a +0 leather armour (worn)
 c - a +0 helmet (worn)
 i - a +0 plate armour
Scrolls
 l - a scroll of vulnerability
Potions
 f - a potion of ambrosia
 g - a potion of brilliance {unknown}
 h - 2 potions of flight {unknown}
 j - a potion of haste
 k - a potion of heal wounds {unknown}
 m - 2 potions of curing {unknown}


   Skills:
 + Level 2.4 Fighting
 * Level 3.2 Long Blades
 - Level 1.7 Throwing
 * Level 1.4 Armour
 + Level 3.0 Dodging


You had 2 spell levels left.
You didn't know any spells.
Your spell library was empty.

Dungeon Overview and Level Annotations

Branches:
Dungeon (2/15)

Altars:

Annotations:
D:2 Jessica


Innate Abilities, Weirdness & Mutations

You have large cloven feet.


Message History

Jessica the Apprentice Sorceress comes into view.
She is wielding a +0 dagger of speed.
Jessica shouts!
The rat bites you but does no damage. Jessica casts a spell at you.
Pain shoots through your body!
You hit the rat.
You kill the rat!
Jessica gestures at you while chanting. Pain shoots through your body!
You hit Jessica. You kick Jessica.
Jessica is heavily wounded.
Jessica hits you but does no damage.
Jessica hits you with a +0 dagger of speed.
You are too injured to fight recklessly!
You are too injured to fight recklessly!
You are too injured to fight recklessly!
You are too injured to fight recklessly!
You are too injured to fight recklessly!
You are too injured to fight recklessly!
You are too injured to fight recklessly!
You are too injured to fight recklessly!
You are too injured to fight recklessly!
You are too injured to fight recklessly!
You are too injured to fight recklessly!
You barely miss Jessica. Your kick misses Jessica.
Jessica is heavily wounded.
Jessica hits you with a +0 dagger of speed.
* * * LOW HITPOINT WARNING * * *
Jessica hits you with a +0 dagger of speed.
* * * LOW HITPOINT WARNING * * *
You closely miss Jessica.
Jessica is heavily wounded.
Jessica hits you with a +0 dagger of speed.
* * * LOW HITPOINT WARNING * * *
Jessica hits you with a +0 dagger of speed.
* * * LOW HITPOINT WARNING * * *
You closely miss Jessica.
Jessica is heavily wounded.
Jessica hits you with a +0 dagger of speed.
You die...

#####. ##...#..... #.....
#......... #.###.
#........ #.# #. #.......
#.###. #......# #.....
#......# ###.). #...@..#
#.#. #...@..# ######.##
#......# #........ #
#.....## #........
...####.### #........
........####### #........
##.###........###........
#........##.........
#........##.....#...
+........##.....####


You could see Jessica.

Vanquished Creatures
  An adder (D:2)
  2 endoplasms (D:1)
  4 goblins
  4 hobgoblins
  7 jackals
  2 quokkas (D:1)
  3 ball pythons
  4 bats
  A frilled lizard (D:2)
  5 kobolds
  4 rats
37 creatures vanquished.

Notes
Turn   | Place    | Note
-------+----------+-------------------------------------------
     0 | D:1      | timneilson the Demonspawn Gladiator began the quest for the
                  | Orb.
     0 | D:1      | Reached XP level 1. HP: 16/16 MP: 1/1
   336 | D:1      | Gained mutation: You have large cloven feet. [demonic
                  | ancestry]
   336 | D:1      | Reached XP level 2. HP: 18/22 MP: 2/2
   550 | D:1      | Reached skill level 1 in Armour
   720 | D:1      | Identified a scroll of acquirement
   720 | D:1      | Acquired 586 gold pieces
   788 | D:2      | Reached XP level 3. HP: 24/24 MP: 3/3
  1056 | D:2      | Noticed Jessica
  1064 | D:2      | Slain by Jessica

Illustrated notes

Levels and vault maps discovered:
D:1:      lightli_arrival_noodles, layout_loops_ring, minmay_pentomino_s2
D:2:      layout_basic, uniq_jessica

Skill      XL: |  1  2  3 |
---------------+----------+-----
Long Blades    | 3 |  3.2
Armour         | 1 |  1.4
Dodging        | 3 |  3.0
Fighting       | |  2.4
Throwing       | |  1.7

Action                   || total
-------------------------++-------
Melee: Long sword        ||   105
       Kick              ||    16
  Use: Scroll            ||     3
Armor: Leather armour    ||    36
Dodge: Dodged            ||    73

Table legend: (Time is in decaauts)
 A = Elapsed time spent in this place.
 B = Non-inter-level travel time spent in this place.
 C = Inter-level travel time spent in this place.
 D = Time resting spent in this place.
 E = Time spent auto-exploring this place.
 F = Levels seen in this place.
 G = Mean time per level.
                   A        B        C        D        E       F      G
               +--------+--------+--------+--------+--------+-----+--------+
         Total |   1089 |   1079 |     10 |     39 |    792 |   2 |  544.5 |
       Dungeon |   1089 |   1079 |     10 |     39 |    792 |   2 |  544.5 |
               +--------+--------+--------+--------+--------+-----+--------+

Top non-repeatable levels by time:
     D:1: 788 daAuts
     D:2: 300 daAuts
